 Dungeon Crawl Stone Soup version 0.30.0-29-ga12c61a403 (webtiles) character file.

Game seed: 2546297726738368226

977 Hubris850 the Chopper (level 7, -2/54 HPs)
             Began as a Demonspawn Gladiator on June 6, 2023.
             Was a Follower of Yredelemnul.
             Killed from afar by an electric eel (12 damage)
             ... with a bolt of electricity
             ... on level 6 of the Dungeon.
             The game lasted 00:15:24 (4800 turns).

Hubris850 the Chopper (Demonspawn Gladiator)        Turns: 4800, Time: 00:15:24

Health: -2/54      AC:  5    Str: 14    XL:     7   Next: 95%
Magic:  10/10      EV: 22    Int: 12    God:    Yredelemnul [*.....]
Gold:   391        SH:  0    Dex: 14    Spells: 7/10 levels left

rFire   . . .        u - +6 short sword
rCold   . . .        (no shield)
rNeg    + . .        q - +2 leather armour {rN+}
rPois   .            (helmet restricted)
rElec   .            (no cloak)
rCorr   .            (no gloves)
SInv    .            (no boots)
Will    .....        s - amulet of faith
Stlth   +            t - +5 ring of evasion
HPRegen 0.29/turn    o - +5 ring of evasion
MPRegen 0.12/turn

%: faith
@: no status effects
A: antennae 1, claws 1, demonic magic 1, weakness stinger 1
a: Renounce Religion, Recall Undead Harvest


You were on level 6 of the Dungeon.
You worshipped Yredelemnul.
Yredelemnul was noncommittal.
You visited 2 branches of the dungeon, and saw 7 of its levels.

You collected 391 gold pieces.

Inventory:

Hand Weapons
 a - a +0 war axe
 m - a +0 broad axe
 u - a +6 short sword (weapon)
Missiles
 d - 5 throwing nets (quivered)
 e - 6 javelins
 g - a poisoned dart
 i - 5 datura-tipped darts
Armour
 b - a +0 leather armour
 c - a +0 helmet
 p - the +2 helmet of Gravitas {rN+}
   (You found it on level 2 of the Dungeon)

   rN:        It protects you from negative energy.
 q - a +2 leather armour of positive energy (worn)
Jewellery
 f - a ring of wizardry
 n - a ring of positive energy
 o - a +5 ring of evasion (right claw)
 s - an amulet of faith (around neck)
 t - a +5 ring of evasion (left claw)
 C - a ring of protection from cold
 D - a +5 ring of evasion
Scrolls
 j - 3 scrolls of butterflies
 v - 2 scrolls of fear {unknown}
 w - a scroll of fog {unknown}
 y - a scroll of brand weapon {unknown}
 A - 3 scrolls of identify
 B - a scroll of magic mapping {unknown}
Potions
 h - a potion of might {unknown}
 k - a potion of lignification
 l - 4 potions of curing
 r - a potion of brilliance {unknown}
 x - a potion of resistance {unknown}
 z - 3 potions of heal wounds {unknown}


   Skills:
 - Level 4.0 Fighting
 - Level 1.4 Short Blades
 + Level 4.8 Axes
 + Level 4.8 Throwing
 - Level 3.5 Dodging
 - Level 2.0 Spellcasting
 - Level 3.0 Hexes


You had 7 spell levels left.
You knew the following spells:

 Your Spells              Type           Power      Damage    Failure   Level
a - Confusing Touch       Hex            8%         N/A       30%         3

Your spell library contained the following spells:

 Spells                   Type           Power      Damage    Failure   Level
 Tukima's Dance           Hex            8%         N/A       30%         3
 Kiss of Death            Conj/Necr      4%         2d5       34%         1
 Sandblast                Erth           2%         2d4       34%         1
 Cigotuvi's Dreadful Rot  Necr/Pois/Air  2%         N/A       45%         2
 Lesser Beckoning         Tloc           2%         N/A       45%         2
 Passwall                 Tmut/Erth      0%         N/A       45%         2
 Static Discharge         Conj/Air       2%         2-3/arc   45%         2
 Gell's Gravitas          Tloc           1%         N/A       71%         3
 Ignite Poison            Fire/Tmut/Pois 1%         N/A       71%         3
 Stone Arrow              Conj/Erth      2%         3d7       71%         3
 Teleport Other           Tloc           1%         N/A       71%         3
 Airstrike                Air            0%         2d(1-17)  98%         4
 Dispel Undead            Necr           1%         3d6       98%         4
 Passage of Golubria      Tloc           1%         N/A       98%         4
 Summon Lightning Spire   Summ/Air       1%         N/A       98%         4
 Yara's Violent Unravell  Hex/Tmut       2%         3d3       99%         5
 Freezing Cloud           Conj/Ice/Air   0%         6-21      100%        5


Dungeon Overview and Level Annotations

Branches:
Dungeon (6/15)             Temple (1/1) D:4

Altars:
Ashenzari
Cheibriados
Dithmenos
Fedhas
Gozag
Hepliaklqana
Kikubaaqudgha
Nemelex Xobeh
Okawaru
Qazlal
Ru
Sif Muna
Trog
Uskayaw
Vehumet
Xom
Yredelemnul

Shops:
D:4 (


Innate Abilities, Weirdness & Mutations

You have a pair of small antennae on your head.
You have sharp fingernails.
Spells you cast may paralyse adjacent enemies.
You have a small tail.


Message History

The bolt of electricity hits the dart slug!
The dart slug dies!
The bolt of electricity misses you.
The dead are slithering!
You hit the dart slug.
The dart slug is heavily wounded.
Your water moccasin zombie barely misses the electric eel.
You hit the dart slug.
The dart slug is almost dead.
The electric eel shoots out a bolt of lightning at you!
The bolt of electricity hits your water moccasin zombie!
The bolt of electricity hits you!
Your water moccasin zombie bites the electric eel.
The dart slug launches a dart at you.
The slug dart hits you but does no damage.
You puncture the dart slug!
You kill the dart slug!
The dead are slithering!
The electric eel shoots out a bolt of lightning at you!
The bolt of electricity hits your water moccasin zombie!
The bolt of electricity hits you!
Your water moccasin zombie bites the electric eel.
Your water moccasin zombie completely misses the electric eel.
The electric eel shoots out a bolt of lightning at you!
The bolt of electricity hits your water moccasin zombie!
Your water moccasin zombie is destroyed!
The bolt of electricity hits you!
Throw: 2 darts (poison)
Press: ? - help, Shift-Dir - straight line, f - electric eel
Aim: an electric eel (water, heavily wounded, ally target, 46% to hit)
You throw a poisoned dart.
The poisoned dart closely misses the electric eel.
You hear a splash.
The electric eel shoots out a bolt of lightning at you!
The bolt of electricity hits you!
* * * LOW HITPOINT WARNING * * *
The electric eel shoots out a bolt of lightning at you!
The bolt of electricity hits your dart slug zombie.
The bolt of electricity hits you!
You die...
Your body rises from the dead as a mindless zombie.

#. .. ##. ... #### #.. ...$
###..## #####.. ~...#
#.....######.##...
..w#~≈≈#~#...###.....##..........
.#~~~#~≈≈≈#~...Z...........Z.....
~~~#~...~≈≈~≈......ZZ###.........
~≈≈≈..~.~≈≈≈...@Z..............#
≈~≈≈~~.~~#≈≈~#.Z...........#..###
≈~≈#≈~.~≈≈≈~~~~.......)....#..# #
~~~~~...≈≈≈~≈≈~.............###
~~≈≈~$<.~≈~~≈≈................##
~≈≈≈≈.[.~~~≈≈#~................#
≈≈≈≈~~.~~≈≈≈≈≈~......##.......##
~≈≈#≈≈.!≈≈S≈≈~.......##..##...##
~≈ ≈≈).$~≈≈≈~w ##..#...........#


You could see an electric eel (ally target) and 5 friendly dart slug zombies.

Vanquished Creatures
  A water moccasin (D:6)
  An ice beast (D:5)
  A black bear (D:5)
  Blork the orc (D:5)
  A scorpion (D:5)
  2 hounds (D:4)
  A sleepcap (D:5)
  2 iguanas
  An orc wizard (D:4)
  Robin (D:3)
  2 gnolls (D:5)
  7 adders
  6 worms
  8 dart slugs
  9 orcs
  7 ball pythons
  3 bats
  8 endoplasms
  5 giant cockroaches
  13 goblins
  13 hobgoblins
  5 jackals (D:1)
  3 quokkas
  6 frilled lizards
  8 kobolds
  4 rats
119 creatures vanquished.

Vanquished Creatures (collateral kills)
  A bullfrog (D:6)
  An orc wizard (D:5)
  2 iguanas (D:5)
  A gnoll (D:5)
  A dart slug (D:6)
  3 orcs (D:5)
9 creatures vanquished.

Vanquished Creatures (others)
  A water moccasin zombie (D:6)
  A dart slug (D:6)
  A gnoll zombie (D:5)
  An orc zombie (D:5)
4 creatures vanquished.

Grand Total: 132 creatures vanquished

Notes
Turn   | Place    | Note
-------+----------+-------------------------------------------
     0 | D:1      | Hubris850 the Demonspawn Gladiator began the quest for the
                  | Orb.
     0 | D:1      | Reached XP level 1. HP: 16/16 MP: 1/1
    85 | D:1      | Discovered your monstrous ancestry.
    85 | D:1      | Gained mutation: You have a small tail. [demonic ancestry]
    85 | D:1      | Reached XP level 2. HP: 17/22 MP: 2/2
   688 | D:1      | Reached XP level 3. HP: 28/28 MP: 3/3
  1164 | D:2      | Identified the +2 helmet of Gravitas {rN+}
  1307 | D:2      | Reached XP level 4. HP: 34/34 MP: 4/4
  1669 | D:3      | Noticed Robin
  1681 | D:3      | Killed Robin
  1781 | D:3      | Found a radiant altar of Vehumet.
  1788 | D:3      | Gained mutation: Spells you cast may paralyse adjacent
                  | enemies. [demonic ancestry]
  1788 | D:3      | Reached XP level 5. HP: 41/41 MP: 5/5
  1937 | D:3      | Found a bloodstained altar of Trog.
  2056 | D:3      | Learned a level 3 spell: Confusing Touch
  2744 | D:4      | Reached skill level 1 in Short Blades
  2808 | D:4      | Found a staircase to the Ecumenical Temple.
  2817 | Temple   | Entered the Ecumenical Temple
  2949 | Temple   | Became a worshipper of Yredelemnul the Dark
  3001 | D:4      | Found a hazy altar of Hepliaklqana.
  3002 | D:4      | Found a shadowy altar of Dithmenos.
  3002 | D:4      | Found a shimmering blue altar of Sif Muna.
  3003 | D:4      | Found a shimmering altar of Xom.
  3006 | D:4      | Found a stormy altar of Qazlal.
  3071 | D:4      | Reached * piety under Yredelemnul
  3072 | D:4      | Reached skill level 1 in Hexes
  3187 | D:4      | Reached skill level 1 in Spellcasting
  3187 | D:4      | Gained mutation: You have sharp fingernails. [demonic
                  | ancestry]
  3187 | D:4      | Reached XP level 6. HP: 47/47 MP: 7/7
  3358 | D:4      | Reached ** piety under Yredelemnul
  3624 | D:4      | Found Cegua's Weapon Shoppe.
  3645 | D:5      | Entered Level 5 of the Dungeon
  3704 | D:5      | Noticed Blork the orc
  3714 | D:5      | Killed Blork the orc
  3896 | D:5      | Noticed an ice beast
  3907 | D:5      | Killed an ice beast
  3908 | D:5      | Gained mutation: You have a pair of small antennae on your
                  | head. [demonic ancestry]
  3908 | D:5      | Reached XP level 7. HP: 45/54 MP: 9/9
  4176 | D:5      | Reached *** piety under Yredelemnul
  4332 | D:5      | Reached **** piety under Yredelemnul
  4800 | D:6      | Killed from afar by an electric eel

Illustrated notes

Levels and vault maps discovered:
D:1:      saegor_arrival_miasma, layout_basic, dreamdust_wishing_well,
          minmay_pentomino_s4
D:2:      minmay_chambers_of_twos, layout_basic, guppyfry_early_lair_pool
D:3:      layout_loops_corners, trog_book,
          mainiacjoe_overflow_concentric_impassable, skrybe_limestone_x,
          ebering_dispersal_statue_hall, uniq_robin
D:4:      layout_basic, minitemple, minmay_temple_entry_gardened_gates,
          serial_shops, shop, minmay_liquid_box, minmay_circle_x
D:5:      layout_gridville, uniq_blork_the_orc
D:6:      kennysheep_slugbush, layout_cave_pools, serial_shops, shop,
          nicolae_shop_overcharged_wands
Temple:   nicolae_temple_x_marks_the_god

Skill      XL: |  1  2  3  4  5  6  7 |
---------------+----------------------+-----
Throwing       | 2 3 4 |  4.8
Axes           | 3 4 |  4.8
Dodging        | 3 |  3.5
Fighting       | 3 4 |  4.0
Short Blades   | 1 |  1.4
Hexes          | 1 2 3 |  3.0
Spellcasting   | 1 2 |  2.0

Action                     |  1- 3 |  4- 6 |  7- 9 || total
---------------------------+-------+-------+-------++-------
  Melee: War axe           |   103 |     8 |       ||   111
         Tailslap          |     7 |    19 |    10 ||    36
         Punch             |     2 |     1 |       ||     3
         Short sword       |       |   159 |    66 ||   225
  Throw: Dart              |       |     2 |     1 ||     3
         Javelin           |       |     1 |       ||     1
   Cast: Confusing Touch   |       |     1 |       ||     1
    Use: Scroll            |       |     7 |       ||     7
   Stab: Sleeping          |     1 |     1 |       ||     2
         Distracted        |       |     1 |       ||     1
         Confused          |       |     1 |       ||     1
 Armour: Leather armour    |    24 |    30 |     8 ||    62
  Dodge: Dodged            |    78 |   148 |    64 ||   290
